Warning! The script has encountered some errors when parsing the replay. Please report them to the . » details
0x00, prev: 0x16: 16 02 01 00 D9 B0 00 00 50 B6 36 00 [00] 00 00 00 00 00 00 00 00 00 00 00 00 00 00 00 00 00 00 00 00 00 00 00 33 00
0x00, prev: 0x00: 16 02 01 00 D9 B0 00 00 50 B6 36 00 00 00 00 00 00 00 00 00 00 00 00 00 00 00 00 00 00 00 00 00 00 00 [00] 00 33 00
0x00, prev: 0x01: 16 02 01 00 71 81 00 00 23 B9 02 00 00 00 00 00 00 00 00 00 00 00 00 00 00 00 00 00 00 00 00 00 00 00 00 00 01 [00]
0x00, prev: 0x02: 16 02 01 00 8E 0D 01 00 10 A8 4A 00 00 00 00 00 00 00 00 00 00 00 00 00 00 00 00 00 00 00 00 00 00 00 00 00 02 [00]
0x00, prev: 0x04: 16 02 0C 00 A7 A8 00 00 8C AC 07 00 2D 35 00 00 D6 FB 03 00 B3 9A 00 00 58 08 07 00 DA 9F 00 00 D9 46 04 00 22 AD 00 00 CE 94 04 00 6F AE 00 00 29 65 0A 00 0E BA 00 00 FB 1D 03 00 0F BB 00 00 B7 46 04 00 22 BC 00 00 FA FB 03 00 CD C0 00 00 10 3B 08 00 75 C1 00 00 32 3B 08 00 7C C4 00 00 25 CC 08 00 00 00 00 00 00 00 00 00 00 00 00 00 00 00 00 00 00 00 00 00 00 00 00 00 04 [00]
0x0E, prev: 0x00: 16 02 01 00 19 6B 00 00 82 17 33 00 00 00 00 00 00 00 00 00 00 00 00 00 00 00 00 00 00 00 00 00 00 00 00 00 [0E] 00
0x09, prev: 0x00: 16 02 01 00 E5 44 00 00 6B 28 1B 00 00 00 00 00 00 00 00 00 00 00 00 00 00 00 00 00 00 00 00 00 00 00 00 00 [09] 00
0x00, prev: 0x1A: 16 02 01 00 C7 B4 00 00 18 73 1A 00 00 00 00 00 00 00 00 00 00 00 00 00 00 00 00 00 00 00 00 00 00 00 00 00 1A [00]
0x00, prev: 0x05: 16 02 01 00 7B 9A 00 00 F6 A4 1C 00 00 00 00 00 00 00 00 00 00 00 00 00 00 00 00 00 00 00 00 00 00 00 00 00 05 [00]
0x1F, prev: 0x00: 16 02 01 00 2B 78 00 00 FC 73 32 00 00 00 00 00 00 00 00 00 00 00 00 00 00 00 00 00 00 00 00 00 00 00 00 00 [1F] 00
0x22, prev: 0x00: 16 02 01 00 05 AB 00 00 A9 EB 22 00 00 00 00 00 00 00 00 00 00 00 00 00 00 00 00 00 00 00 00 00 00 00 00 00 [22] 00
0x2D, prev: 0x00: 16 02 02 00 0B 46 00 00 2D 16 2E 00 66 58 00 00 D2 21 2E 00 00 00 00 00 00 00 00 00 00 00 00 00 00 00 00 00 00 00 00 00 00 00 00 00 [2D] 00
0x2F, prev: 0x00: 16 02 01 00 00 A4 00 00 95 00 26 00 00 00 00 00 00 00 00 00 00 00 00 00 00 00 00 00 00 00 00 00 00 00 00 00 [2F] 00
0x30, prev: 0x00: 16 02 01 00 19 6B 00 00 82 17 33 00 00 00 00 00 00 00 00 00 00 00 00 00 00 00 00 00 00 00 00 00 00 00 00 00 [30] 00
0x24, prev: 0x00: 16 02 01 00 D5 A1 00 00 9B 3D 12 00 00 00 00 00 00 00 00 00 00 00 00 00 00 00 00 00 00 00 00 00 00 00 00 00 [24] 00
0x3D, prev: 0x00: 16 02 01 00 5B E3 00 00 32 BB 3D 00 00 00 00 00 00 00 00 00 00 00 00 00 00 00 00 00 00 00 00 00 00 00 00 00 [3D] 00
0x3B, prev: 0x00: 16 02 01 00 88 51 00 00 CF 9C 3D 00 00 00 00 00 00 00 00 00 00 00 00 00 00 00 00 00 00 00 00 00 00 00 00 00 [3B] 00
0x31, prev: 0x00: 16 02 02 00 2E 9B 00 00 1C 29 01 00 FE 97 00 00 88 15 1C 00 00 00 00 00 00 00 00 00 00 00 00 00 00 00 00 00 00 00 00 00 00 00 00 00 [31] 00
0x25, prev: 0x00: 16 02 01 00 D5 A1 00 00 9B 3D 12 00 00 00 00 00 00 00 00 00 00 00 00 00 00 00 00 00 00 00 00 00 00 00 00 00 [25] 00
0x43, prev: 0x00: 16 02 01 00 00 A4 00 00 95 00 26 00 00 00 00 00 00 00 00 00 00 00 00 00 00 00 00 00 00 00 00 00 00 00 00 00 [43] 00 04 0C 00 16 02 01 00 00 A4 00 00 95 00 26 00
0x2E, prev: 0x00: 16 02 01 00 EA AE 00 00 B0 80 2E 00 00 00 00 00 00 00 00 00 00 00 00 00 00 00 00 00 00 00 00 00 00 00 00 00 [2E] 00
0x26, prev: 0x00: 16 02 01 00 D8 88 00 00 DA 34 30 00 00 00 00 00 00 00 00 00 00 00 00 00 00 00 00 00 00 00 00 00 00 00 00 00 [26] 00
0x27, prev: 0x00: 16 02 01 00 46 A5 00 00 83 28 01 00 00 00 00 00 00 00 00 00 00 00 00 00 00 00 00 00 00 00 00 00 00 00 00 00 [27] 00
0x41, prev: 0x00: 16 02 01 00 46 A5 00 00 83 28 01 00 00 00 00 00 00 00 00 00 00 00 00 00 00 00 00 00 00 00 00 00 00 00 00 00 [41] 00
0x4E, prev: 0x00: 16 02 01 00 D5 A1 00 00 9B 3D 12 00 00 00 00 00 00 00 00 00 00 00 00 00 00 00 00 00 00 00 00 00 00 00 00 00 [4E] 00
0x4A, prev: 0x00: 16 02 02 00 EC 77 00 00 FD 1F 24 00 64 A4 00 00 5D 6A 25 00 00 00 00 00 00 00 00 00 00 00 00 00 00 00 00 00 00 00 00 00 00 00 00 00 [4A] 00
0x32, prev: 0x00: 16 02 01 00 D9 B0 00 00 50 B6 36 00 00 00 00 00 00 00 00 00 00 00 00 00 00 00 00 00 00 00 00 00 00 00 00 00 [32] 00
0x36, prev: 0x00: 16 02 01 00 2B 78 00 00 FC 73 32 00 00 00 00 00 00 00 00 00 00 00 00 00 00 00 00 00 00 00 00 00 00 00 00 00 [36] 00
0x33, prev: 0x00: 16 02 01 00 D9 B0 00 00 50 B6 36 00 00 00 00 00 00 00 00 00 00 00 00 00 00 00 00 00 00 00 00 00 00 00 00 00 [33] 00
General information
- name: BNet
- type: Ladder team game (AT/RT)
- host: Battle.net
- saver: PROMAGICPOT
map: Friends
- players: 8
- length: 366:28
- speed: Fast
- version: 1.23 W3XP
- replay type: Public
» download(986 KB)
Players
team 1 (winner)
Illidain (
teal | 59 APM | 1366 actions | 22:59)
7 Dreadlord
3 Vampiric Aura
3 Carrion Swarm
1 Inferno
3 Death Knight
2 Unholy Aura
1 Death Coil
» actions
| Assign group hotkey | 36 | |
| Basic commands | 2 | |
| Build / train | 72 | |
| Enter build submenu | 13 | |
| Enter hero's abilities submenu | 10 | |
| Remove unit from queue | 2 | |
| Right click | 374 | |
| Select / deselect | 590 | |
| Select group hotkey | 202 | |
| Use ability | 65 | |
1366 total
» units
| Acolyte | 11 | |
| Ghoul | 4 | |
| Crypt Fiend | 14 | |
| Gargoyle | 10 | |
39 total
» upgrades
| Web | 1 | |
| Burrow | 1 | |
| Creature Attack | 3 | |
| Creature Carapace | 3 | |
| Stone Form | 1 | |
9 total
» buildings
| Altar of Darkness | 1 | |
| Crypt | 3 | |
| Ziggurat | 7 | |
| Graveyard | 1 | |
| Nerubian Tower | 1 | |
| Spirit Tower | 3 | |
| Halls of the Dead | 1 | |
| Black Citadel | 1 | |
18 total
» build order
00:21 Altar of Darkness
00:27 Crypt
00:40 Ziggurat
02:06 Graveyard
02:43 Ziggurat
02:48 Ziggurat
03:13 Nerubian Tower
03:15 Ziggurat
04:12 Black Citadel
04:40 Spirit Tower
05:38 Crypt
05:43 Crypt
10:27 Ziggurat
10:32 Ziggurat
12:04 Spirit Tower
» items
| Potion of Healing | 2 | |
| Scroll of Healing | 1 | |
| Scroll of Town Portal | 1 | |
4 total

»
PROMAGICPOT (
orange | 250 APM | 11165 actions | 44:41)
8 Death Knight
3 Death Coil
3 Unholy Aura
1 Animate Dead
1 Death Pact
9 Lich
3 Frost Nova
3 Dark Ritual
1 Death and Decay
2 Frost Armor
3 Dark Ranger
1 Silence
2 Black Arrow
» actions
| Assign group hotkey | 143 | |
| Basic commands | 178 | |
| Build / train | 298 | |
| ESC pressed | 25 | |
| Enter build submenu | 120 | |
| Enter hero's abilities submenu | 32 | |
| Give item / drop item | 72 | |
| Remove unit from queue | 1 | |
| Right click | 5371 | |
| Select / deselect | 2047 | |
| Select group hotkey | 1947 | |
| Use ability | 930 | |
11165 total
» units
| Acolyte | 18 | |
| Ghoul | 13 | |
| Frost Wyrm | 7 | |
| Goblin Zeppelin | 20 | |
| Goblin Shredder | 2 | |
| Goblin Sapper | 6 | |
| Peasant | 13 | |
| Gargoyle | 10 | |
| Crypt Fiend | 8 | |
| Meatwagon | 14 | |
| Mortar Team | 4 | |
| Troll Witch Doctor | 1 | |
| Gryphon Rider | 13 | |
| Peon | 1 | |
130 total
» upgrades
| Creature Attack | 3 | |
| Creature Carapace | 3 | |
| Freezing Breath | 1 | |
| Unholy Strength | 2 | |
| Unholy Armor | 2 | |
| Ghoul Frenzy | 1 | |
| Exhume Corpses | 1 | |
| Disease Cloud | 1 | |
| Cannibalize | 1 | |
| Burrow | 1 | |
| Web | 1 | |
| Stone Form | 1 | |
| Burning Oil | 1 | |
| Berserker Strength | 1 | |
| Pillage | 1 | |
| Gunpowder | 1 | |
| Armor | 3 | |
| Plating | 1 | |
| Swords | 3 | |
| Barrage | 1 | |
| Fragmentation Shards | 1 | |
| Flare | 1 | |
| Flak Cannons | 1 | |
| Flying Machine Bombs | 1 | |
| Troll Regeneration | 1 | |
| Berserker Upgrade | 1 | |
| Witch Doctor Training | 1 | |
37 total
» buildings
| Crypt | 7 | |
| Ziggurat | 73 | |
| Altar of Darkness | 1 | |
| Graveyard | 3 | |
| Nerubian Tower | 1 | |
| Halls of the Dead | 4 | |
| Black Citadel | 4 | |
| Tomb of Relics | 1 | |
| Sacrificial Pit | 6 | |
| Boneyard | 10 | |
| Spirit Tower | 14 | |
| Necropolis | 6 | |
| Town Hall | 7 | |
| Great Hall | 5 | |
| Stronghold | 3 | |
| Altar of Storms | 2 | |
| Keep | 7 | |
| Altar of Kings | 2 | |
| Castle | 3 | |
| Fortress | 3 | |
| Voodoo Lounge | 8 | |
| Slaughterhouse | 9 | |
| Barracks | 4 | |
| Blacksmith | 4 | |
| Workshop | 5 | |
| War Mill | 1 | |
| Spirit Lodge | 1 | |
| Beastiary | 2 | |
| Farm | 10 | |
| Lumber Mill | 1 | |
| Gryphon Aviary | 4 | |
211 total
» build order
00:09 Crypt
00:10 Ziggurat
00:33 Altar of Darkness
01:17 Ziggurat
01:21 Graveyard
02:29 Nerubian Tower
02:41 Halls of the Dead
03:02 Ziggurat
03:15 Boneyard
03:30 Ziggurat
05:40 Ziggurat
06:08 Spirit Tower
08:22 Necropolis
08:42 Necropolis
11:29 Spirit Tower
14:28 Ziggurat
14:29 Ziggurat
14:30 Ziggurat
14:31 Ziggurat
14:32 Ziggurat
14:33 Ziggurat
14:36 Ziggurat
14:37 Ziggurat
15:36 Spirit Tower
15:37 Spirit Tower
15:40 Spirit Tower
15:41 Ziggurat
15:42 Ziggurat
15:43 Ziggurat
15:44 Ziggurat
15:45 Ziggurat
16:56 Ziggurat
16:56 Ziggurat
16:57 Ziggurat
16:57 Ziggurat
19:12 Spirit Tower
19:16 Ziggurat
19:17 Ziggurat
19:17 Ziggurat
19:19 Ziggurat
19:19 Ziggurat
19:21 Ziggurat
19:30 Spirit Tower
21:45 Ziggurat
21:45 Ziggurat
21:46 Ziggurat
21:46 Ziggurat
21:47 Ziggurat
21:48 Ziggurat
21:49 Ziggurat
21:49 Ziggurat
21:53 Ziggurat
21:54 Ziggurat
21:55 Ziggurat
21:56 Ziggurat
21:57 Ziggurat
21:58 Ziggurat
22:59 Great Hall
24:28 Town Hall
26:04 Stronghold
26:07 Altar of Storms
26:09 Keep
26:10 Altar of Kings
26:16 Keep
26:18 Stronghold
27:30 Halls of the Dead
44:11 Necropolis
» items
| Orb of Corruption | 3 | |
| Staff of Sanctuary | 1 | |
| Scroll of Regeneration | 1 | |
| Scroll of Town Portal | 4 | |
| Potion of Mana | 1 | |
| Ankh of Reincarnation | 6 | |
| Scourge Bone Chimes | 2 | |
| Potion of Divinity | 3 | |
| Alleria's Flute of Accuracy | 1 | |
| Runed Bracers | 2 | |
| Potion of Restoration | 3 | |
| Boots of Quel'Thalas +6 | 1 | |
| Inferno Stone | 7 | |
| Scroll of Restoration | 4 | |
| Belt of Giant Strength +6 | 5 | |
| Book of the Dead | 1 | |
| The Lion Horn of Stormwind | 1 | |
| Healing Wards | 1 | |
| Mana Stone | 4 | |
| Tiny Great Hall | 1 | |
| Sobi Mask | 1 | |
| Scroll of Speed | 4 | |
57 total

»
ilikeyoSTYLE (
purple | 137 APM | 3142 actions | 22:59)
5 Death Knight
3 Death Coil
2 Unholy Aura
4 Lich
2 Frost Nova
2 Dark Ritual
» actions
| Assign group hotkey | 43 | |
| Basic commands | 239 | |
| Build / train | 93 | |
| ESC pressed | 3 | |
| Enter build submenu | 23 | |
| Enter hero's abilities submenu | 9 | |
| Right click | 1026 | |
| Select / deselect | 630 | |
| Select group hotkey | 980 | |
| Use ability | 96 | |
3142 total
» units
| Acolyte | 3 | |
| Ghoul | 3 | |
| Crypt Fiend | 8 | |
| Obsidian Statue | 16 | |
| Abomination | 12 | |
| Gargoyle | 12 | |
| Necromancer | 2 | |
56 total
» upgrades
| Creature Attack | 3 | |
| Creature Carapace | 3 | |
| Web | 1 | |
| Destroyer Form | 1 | |
| Disease Cloud | 1 | |
| Exhume Corpses | 1 | |
| Unholy Strength | 2 | |
| Stone Form | 1 | |
| Unholy Armor | 1 | |
| Necromancer Training | 1 | |
15 total
» buildings
| Graveyard | 1 | |
| Crypt | 2 | |
| Altar of Darkness | 2 | |
| Ziggurat | 10 | |
| Spirit Tower | 2 | |
| Nerubian Tower | 2 | |
| Tomb of Relics | 1 | |
| Halls of the Dead | 1 | |
| Slaughterhouse | 2 | |
| Sacrificial Pit | 1 | |
| Black Citadel | 1 | |
| Temple of the Damned | 1 | |
26 total
» build order
00:09 Graveyard
00:15 Crypt
00:42 Altar of Darkness
00:58 Ziggurat
01:43 Ziggurat
01:45 Ziggurat
03:06 Spirit Tower
03:13 Nerubian Tower
03:15 Halls of the Dead
04:07 Slaughterhouse
04:14 Slaughterhouse
04:17 Ziggurat
04:23 Ziggurat
04:26 Sacrificial Pit
04:30 Ziggurat
04:33 Black Citadel
08:08 Nerubian Tower
10:46 Ziggurat
11:22 Ziggurat
12:24 Spirit Tower
12:26 Ziggurat
12:39 Temple of the Damned
20:48 Crypt
22:59 Altar of Darkness
» items
lawnchair (
red | 86 APM | 2366 actions | 27:30)
1 Blood Mage
1 Siphon Mana
1 Beastmaster
1 Summon Bear
1 Dark Ranger
1 Black Arrow
» actions
| Basic commands | 37 | |
| Build / train | 123 | |
| ESC pressed | 46 | |
| Enter build submenu | 43 | |
| Enter hero's abilities submenu | 3 | |
| Remove unit from queue | 9 | |
| Right click | 816 | |
| Select / deselect | 1110 | |
| Use ability | 174 | |
2366 total
» units
| Peasant | 38 | |
| Footman | 19 | |
| Priest | 11 | |
| Sorceress | 4 | |
| Knight | 5 | |
| Rifleman | 4 | |
| Gryphon Rider | 8 | |
89 total
» upgrades
| Swords | 2 | |
| Plating | 1 | |
| Priest Training | 2 | |
| Magic Sentry | 1 | |
| Sorceress Training | 1 | |
| Long Rifles | 1 | |
| Lumber Harvesting | 1 | |
9 total
» buildings
| Farm | 14 | |
| Altar of Kings | 1 | |
| Barracks | 3 | |
| Lumber Mill | 1 | |
| Scout Tower | 14 | |
| Arcane Tower | 12 | |
| Keep | 2 | |
| Blacksmith | 1 | |
| Arcane Sanctum | 2 | |
| Arcane Vault | 1 | |
| Castle | 2 | |
| Guard Tower | 1 | |
| Town Hall | 2 | |
| Gryphon Aviary | 2 | |
58 total
» build order
00:32 Farm
00:38 Farm
00:56 Altar of Kings
01:20 Barracks
02:05 Barracks
02:08 Farm
02:16 Lumber Mill
02:47 Farm
03:13 Scout Tower
03:15 Arcane Tower
03:27 Arcane Sanctum
03:55 Arcane Vault
04:43 Farm
04:51 Arcane Sanctum
04:58 Farm
05:11 Farm
05:48 Farm
06:02 Farm
06:21 Scout Tower
06:40 Scout Tower
06:58 Arcane Tower
07:22 Farm
07:26 Farm
07:31 Scout Tower
08:32 Castle
09:31 Arcane Tower
09:33 Scout Tower
09:36 Farm
10:12 Arcane Tower
11:04 Scout Tower
11:08 Arcane Tower
12:04 Arcane Tower
12:24 Farm
18:16 Guard Tower
22:59 Scout Tower
23:01 Castle
26:02 Arcane Tower
26:11 Gryphon Aviary
26:18 Gryphon Aviary
27:30 Town Hall
» items
team 2 (loser)
the_peazant (
blue | 82 APM | 1892 actions | 22:59)
8 Archmage
3 Summon Water Elemental
3 Brilliance Aura
1 Mass Teleport
1 Blizzard
» actions
| Assign group hotkey | 6 | |
| Basic commands | 5 | |
| Build / train | 169 | |
| Enter build submenu | 87 | |
| Enter hero's abilities submenu | 8 | |
| Right click | 622 | |
| Select / deselect | 793 | |
| Select group hotkey | 45 | |
| Use ability | 157 | |
1892 total
» units
| Peasant | 24 | |
| Footman | 24 | |
| Knight | 31 | |
| Wind Rider | 4 | |
| Troll Batrider | 3 | |
| Peon | 4 | |
| Goblin Zeppelin | 1 | |
| Siege Engine | 26 | |
117 total
» upgrades
| Defend | 1 | |
| Swords | 2 | |
| Plating | 3 | |
| Masonry | 3 | |
| Animal War Training | 1 | |
| Lumber Harvesting | 1 | |
| Magic Sentry | 1 | |
| Spiked Barricades | 1 | |
| Gunpowder | 2 | |
| Barrage | 1 | |
16 total
» buildings
| Altar of Kings | 1 | |
| Farm | 12 | |
| Lumber Mill | 2 | |
| Barracks | 3 | |
| Scout Tower | 19 | |
| Arcane Tower | 1 | |
| Arcane Vault | 1 | |
| Keep | 2 | |
| Blacksmith | 2 | |
| Castle | 2 | |
| Guard Tower | 16 | |
| Town Hall | 4 | |
| Voodoo Lounge | 1 | |
| Arcane Sanctum | 1 | |
| Great Hall | 1 | |
| Watch Tower | 34 | |
| Workshop | 2 | |
| Stronghold | 1 | |
| War Mill | 1 | |
106 total
» build order
00:08 Altar of Kings
00:11 Farm
00:41 Lumber Mill
01:14 Barracks
01:36 Farm
02:17 Farm
02:22 Scout Tower
02:54 Arcane Tower
02:57 Arcane Vault
03:13 Farm
03:15 Scout Tower
03:56 Castle
04:23 Scout Tower
04:25 Guard Tower
05:27 Guard Tower
05:28 Scout Tower
05:37 Town Hall
05:57 Guard Tower
05:59 Scout Tower
06:28 Castle
06:43 Guard Tower
06:48 Scout Tower
07:17 Guard Tower
07:20 Scout Tower
07:57 Scout Tower
07:59 Guard Tower
08:20 Barracks
08:23 Barracks
08:27 Guard Tower
08:28 Scout Tower
09:02 Scout Tower
09:04 Guard Tower
09:31 Farm
09:41 Guard Tower
10:09 Farm
10:18 Farm
10:47 Farm
11:48 Farm
13:37 Scout Tower
14:28 Guard Tower
14:29 Scout Tower
15:03 Voodoo Lounge
15:06 Guard Tower
15:18 Scout Tower
15:49 Arcane Sanctum
15:55 Guard Tower
22:59 Keep
» items
| Scroll of Regeneration | 1 | |
| Lesser Clarity Potion | 1 | |
| Orb of Fire | 1 | |
3 total

»
yurt (
green | 269 APM | 12007 actions | 44:40)
8 Blademaster
3 Wind Walk
3 Critical Strike
1 Bladestorm
1 Mirror Image
8 Shadow Hunter
3 Healing Wave
3 Hex
1 Big Bad Voodoo
1 Serpent Ward
1 Goblin Alchemist
1 Healing Spray
1 Blood Mage
1 Flame Strike
1 Archmage
1 Blizzard
» actions
| Assign group hotkey | 100 | |
| Basic commands | 375 | |
| Build / train | 823 | |
| Enter build submenu | 536 | |
| Enter hero's abilities submenu | 31 | |
| Give item / drop item | 15 | |
| Remove unit from queue | 7 | |
| Right click | 2296 | |
| Select / deselect | 2044 | |
| Select group hotkey | 1366 | |
| Use ability | 4411 | |
12007 total
» units
| Peon | 126 | |
| Wind Rider | 45 | |
| Goblin Zeppelin | 13 | |
| Goblin Shredder | 22 | |
| Kodo Beast | 3 | |
| Troll Batrider | 21 | |
| Peasant | 52 | |
| Goblin Sapper | 21 | |
| Gryphon Rider | 125 | |
| Demolisher | 16 | |
| Flying Machine | 5 | |
449 total
» upgrades
| Ranged Weapons | 3 | |
| Armor | 5 | |
| Envenomed Spears | 1 | |
| War Drums Damage Increase | 1 | |
| Reinforced Defenses | 1 | |
| Liquid Fire | 1 | |
| Spiked Barricades | 3 | |
| Lumber Harvesting | 1 | |
| Storm Hammers | 1 | |
| Cloud | 1 | |
| Fragmentation Shards | 1 | |
| Flare | 1 | |
| Flak Cannons | 1 | |
| Flying Machine Bombs | 1 | |
| Troll Regeneration | 1 | |
| Ensnare | 1 | |
| Melee Weapons | 3 | |
| Berserker Strength | 1 | |
| Shaman Training | 2 | |
| Witch Doctor Training | 2 | |
| Spirit Walker Training | 2 | |
| Burning Oil | 1 | |
| Berserker Upgrade | 1 | |
| Pillage | 1 | |
| Backpack | 1 | |
| Pulverize | 1 | |
39 total
» buildings
| Altar of Storms | 3 | |
| Orc Burrow | 25 | |
| War Mill | 9 | |
| Voodoo Lounge | 2 | |
| Stronghold | 12 | |
| Watch Tower | 54 | |
| Beastiary | 3 | |
| Fortress | 8 | |
| Great Hall | 42 | |
| Town Hall | 5 | |
| Farm | 19 | |
| Lumber Mill | 1759 | |
| Arcane Vault | 33 | |
| Blacksmith | 2 | |
| Scout Tower | 1148 | |
| Altar of Kings | 1 | |
| Keep | 4 | |
| Guard Tower | 176 | |
| Castle | 4 | |
| Gryphon Aviary | 2 | |
| Workshop | 1 | |
| Arcane Sanctum | 1 | |
| Barracks | 5 | |
| Spirit Lodge | 2 | |
| Tauren Totem | 1 | |
| Cannon Tower | 29 | |
3350 total
» build order
00:06 Altar of Storms
00:12 Orc Burrow
00:51 War Mill
01:26 Voodoo Lounge
02:39 Stronghold
02:39 Stronghold
02:39 Stronghold
02:43 Watch Tower
03:13 Orc Burrow
03:15 Orc Burrow
03:56 Orc Burrow
05:31 Fortress
05:31 Fortress
05:32 Fortress
07:09 Great Hall
07:12 Great Hall
07:46 Orc Burrow
07:48 Orc Burrow
07:50 Watch Tower
07:50 Watch Tower
07:52 Watch Tower
08:38 War Mill
15:51 Watch Tower
15:52 Watch Tower
15:53 Watch Tower
15:54 Watch Tower
22:59 Fortress
27:30 Scout Tower
29:14 Great Hall
29:18 Great Hall
29:22 Great Hall
29:27 Great Hall
29:37 Great Hall
29:40 Great Hall
29:42 Great Hall
30:07 Great Hall
30:10 Great Hall
30:14 Orc Burrow
30:35 Great Hall
30:50 Great Hall
30:53 Great Hall
30:54 Great Hall
30:56 Great Hall
30:58 Great Hall
31:01 Great Hall
31:03 Great Hall
31:05 Great Hall
31:07 Great Hall
31:17 Great Hall
31:18 Great Hall
31:21 Great Hall
31:23 Great Hall
31:25 Great Hall
31:27 Great Hall
31:28 Great Hall
40:21 Guard Tower
40:22 Guard Tower
40:26 Guard Tower
40:28 Guard Tower
40:28 Guard Tower
40:31 Guard Tower
40:31 Guard Tower
40:31 Guard Tower
40:34 Guard Tower
40:34 Guard Tower
40:35 Guard Tower
40:37 Guard Tower
40:37 Guard Tower
40:37 Guard Tower
40:40 Guard Tower
40:43 Guard Tower
40:43 Guard Tower
40:43 Guard Tower
40:47 Guard Tower
40:47 Guard Tower
40:48 Guard Tower
40:52 Guard Tower
40:52 Guard Tower
40:55 Guard Tower
40:55 Guard Tower
40:55 Guard Tower
40:58 Guard Tower
40:59 Guard Tower
41:05 Guard Tower
41:05 Guard Tower
41:08 Guard Tower
41:08 Guard Tower
» items
| Healing Salve | 1 | |
| Lesser Clarity Potion | 8 | |
| Boots of Quel'Thalas +6 | 4 | |
| Alleria's Flute of Accuracy | 1 | |
| Orb of Lightning | 1 | |
| Potion of Healing | 2 | |
| Potion of Mana | 5 | |
| Scroll of Town Portal | 5 | |
| Inferno Stone | 4 | |
| Talisman of the Wild | 1 | |
| Scroll of Restoration | 2 | |
| Spiked Collar | 1 | |
| Sobi Mask | 2 | |
| Potion of Divinity | 2 | |
| Wand of the Wind | 1 | |
| Scourge Bone Chimes | 1 | |
| Mana Stone | 3 | |
44 total

»
SoulWraith (
yellow | 95 APM | 310 actions | 03:15)
1 Blademaster
1 Wind Walk
» actions
| Basic commands | 12 | |
| Build / train | 17 | |
| Enter build submenu | 7 | |
| Enter hero's abilities submenu | 1 | |
| Right click | 114 | |
| Select / deselect | 150 | |
| Use ability | 9 | |
310 total
» units
» buildings
| Orc Burrow | 3 | |
| Altar of Storms | 1 | |
| Barracks | 1 | |
| Stronghold | 1 | |
| War Mill | 1 | |
7 total
» build order
00:07 Orc Burrow
00:10 Altar of Storms
00:47 Barracks
01:42 Orc Burrow
03:13 Stronghold
03:15 War Mill

»
Chuckelz (
pink | 42 APM | 963 actions | 22:59)
6 Blademaster
3 Wind Walk
3 Critical Strike
» actions
| Assign group hotkey | 7 | |
| Build / train | 81 | |
| Enter build submenu | 26 | |
| Enter hero's abilities submenu | 8 | |
| Remove unit from queue | 1 | |
| Right click | 421 | |
| Select / deselect | 333 | |
| Select group hotkey | 33 | |
| Use ability | 53 | |
963 total
» units
| Peon | 11 | |
| Troll Headhunter/Berserker | 5 | |
| Wind Rider | 33 | |
49 total
» upgrades
| Armor | 6 | |
| Ranged Weapons | 6 | |
| Envenomed Spears | 2 | |
14 total
» buildings
| Altar of Storms | 1 | |
| Orc Burrow | 13 | |
| Barracks | 1 | |
| War Mill | 1 | |
| Voodoo Lounge | 1 | |
| Stronghold | 1 | |
| Watch Tower | 1 | |
| Beastiary | 4 | |
| Fortress | 2 | |
25 total
» build order
00:23 Altar of Storms
00:38 Orc Burrow
00:57 Barracks
01:34 War Mill
02:45 Orc Burrow
03:13 Orc Burrow
03:15 Beastiary
03:15 Orc Burrow
03:19 Fortress
04:09 Fortress
05:44 Orc Burrow
05:48 Orc Burrow
07:08 Orc Burrow
10:56 Orc Burrow
11:06 Orc Burrow
» items
| Lesser Clarity Potion | 1 | |
| Healing Salve | 1 | |
| Scroll of Town Portal | 1 | |
| Orb of Lightning | 1 | |
| Scroll of Speed | 2 | |
6 total
Chat log
(00:16 / Allies) lawnchair: scared me red
(00:17 / Allies) lawnchair: lol
(00:21 / 6) PROMAGICPOT: im gonna play defense only wyrms
(00:21 / Allies) lawnchair: i mean oj
(00:44 / 5) yurt: wyvs defense creep my bm
(00:46 / 5) yurt: tech
(00:51 / 6) PROMAGICPOT: str8 teching here too
(01:02 / 6) PROMAGICPOT: this game will be out of control real fast im sure
(01:03 / 6) PROMAGICPOT: w/e
(01:04 / 5) yurt: my team ckeeps saying rush?
(01:10 / 5) yurt: everyone has said rush? so far
(01:20 / 5) yurt: nobody has said rush.
(01:30 / 6) PROMAGICPOT: rush? meants "rush or else."
(01:46 / 5) yurt: what do the purple rock golems drop in mid
(01:50 / 6) PROMAGICPOT: nothing
(01:53 / 5) yurt: shit
(01:58 / 6) PROMAGICPOT: shitty xp too
(02:01 / 6) PROMAGICPOT: i think
(02:06 / 6) PROMAGICPOT: great
(02:08 / 6) PROMAGICPOT: a bm master
(02:11 / 6) PROMAGICPOT: eager to grab items
(02:11 / 5) yurt: shitty mine placement too
(02:13 / 6) PROMAGICPOT: from team creep
(02:45 / 6) PROMAGICPOT: whoops thats u
(03:13 / Allies) PROMAGICPOT: arcane tower for human
(03:15 / Allies) PROMAGICPOT: ty
(03:17 / 6) PROMAGICPOT: deense only now on
(03:19 / 6) PROMAGICPOT: defense only
(03:35 / Allies) lawnchair: casters knights
(03:39 / Allies) lawnchair: and some rifles
(04:10 / Allies) lawnchair: wanna attack?
(04:17 / Allies) lawnchair: these fags piss me off
(04:25 / Allies) Illidain: okay, who's going what for UD?
(05:25 / Allies) Illidain: i'll get AA spidies
(05:36 / Allies) lawnchair: can u get a few gargs too
(05:43 / Allies) ilikeyoSTYLE: i'll get stats
(08:44 / 5) yurt: wood plz
(08:58 / 6) PROMAGICPOT: wood plz
(10:01 / Allies) ilikeyoSTYLE: lets attack
(11:30 / Allies) lawnchair: green maybe going air
(11:41 / 6) PROMAGICPOT: "green maybe going air"
(11:51 / 5) yurt: just maybe
(11:52 / 6) PROMAGICPOT: holy shit look at ur ally chuckls
(11:53 / Allies) lawnchair: they massed wyvs
(11:57 / Allies) PROMAGICPOT: get bats for their wyvs
(11:58 / Allies) lawnchair: we need serious aa
(12:09 / 5) yurt: ?
(12:54 / 6) PROMAGICPOT: tping
(13:11 / Allies) lawnchair: help
(13:40 / 6) PROMAGICPOT: "b"?
(13:49 / 5) yurt: wat
(13:54 / 6) PROMAGICPOT: ur team is feeding frezy
(14:23 / Allies) Illidain: gold?
(14:23 / All) lawnchair: LOL
(14:55 / Allies) lawnchair: guys go counter
(14:56 / Allies) lawnchair: plz
(15:02 / 6) PROMAGICPOT: play defense shwne they hit
(15:04 / 6) PROMAGICPOT: my team is really bad
(15:07 / 6) PROMAGICPOT: oen guy is mass foots and preists
(15:18 / 6) PROMAGICPOT: he also has 5 arcane towers
(15:18 / 6) PROMAGICPOT: lol
(15:26 / 6) PROMAGICPOT: mess up
(15:28 / 6) PROMAGICPOT: one of my allies base
(15:32 / 6) PROMAGICPOT: and ill mes sup one ofurs
(15:39 / Allies) lawnchair: hit the back
(15:47 / Allies) lawnchair: no towers
(15:48 / Allies) ilikeyoSTYLE: oj can u share some
(15:52 / Allies) ilikeyoSTYLE: gold?
(16:33 / Allies) lawnchair: wyvs
(16:35 / 6) PROMAGICPOT: go away
(16:36 / 6) PROMAGICPOT: from top
(16:38 / 6) PROMAGICPOT: i need to hti there
(16:42 / 6) PROMAGICPOT: go away
(16:47 / 6) PROMAGICPOT: from top
(17:14 / Allies) lawnchair: run dude
(17:48 / Allies) ilikeyoSTYLE: oj share gold plz
(17:49 / 5) yurt: how about i mess your neighbero
(17:52 / 5) yurt: and you can take his minbe
(17:59 / Allies) Illidain: gold for AA
(18:55 / 6) PROMAGICPOT: get peons then out
(19:12 / Allies) lawnchair: dude just get gagrs
(19:14 / Allies) lawnchair: gargs
(19:16 / Allies) lawnchair: and stats
(19:34 / Allies) PROMAGICPOT: u have a town to manage
(19:36 / Allies) PROMAGICPOT: as have i
(19:40 / Allies) PROMAGICPOT: lets leave it liek that
(22:12 / 6) PROMAGICPOT: g awayfrom there
(22:22 / 6) PROMAGICPOT: anyway his main is sitll up
(22:24 / 6) PROMAGICPOT: get some bnats in the mix
(22:26 / 6) PROMAGICPOT: so u can take out mains
(22:32 / Allies) lawnchair: gotta fucking attk togther
(22:33 / Allies) lawnchair: jesus
(22:40 / Allies) lawnchair: GO PURPLE
(22:46 / Allies) Illidain: wait
(22:59 / 5) yurt: kill with heros
(23:13 / All) PROMAGICPOT: time 2 finish u off
(23:14 / All) PROMAGICPOT: nooby
(23:21 / 6) PROMAGICPOT: shit my ally
(23:23 / 6) PROMAGICPOT: get ur hero back
(23:25 / 6) PROMAGICPOT: and kill him
(23:27 / 6) PROMAGICPOT: or he will go up there
(24:51 / 6) PROMAGICPOT: dont let him
(24:52 / 6) PROMAGICPOT: get a zepp
(24:54 / 6) PROMAGICPOT: guard hsi army
(26:24 / 6) PROMAGICPOT: ??
(26:27 / 6) PROMAGICPOT: opz
(26:29 / Allies) PROMAGICPOT: ??
(26:52 / Allies) lawnchair: check around ur bases
(26:54 / 6) PROMAGICPOT: kill his gryphairsi
(26:55 / Allies) lawnchair: for hall
(27:30 / 5) yurt: my screen is all laggy gryphons
(27:49 / 5) yurt: man if htey were all frost wyrms
(27:59 / 5) yurt: youd be at like 1k food
(28:04 / All) PROMAGICPOT: ya
(28:06 / 5) yurt: oh well
(28:17 / 5) yurt: this is still pretty impressive
(28:27 / 5) yurt: i dont think custom games will even let you place down this many units
(29:51 / 5) yurt: you can have a peon move faswter
(29:53 / 5) yurt: than a peon can
(29:56 / 5) yurt: by buildinga main
(29:58 / 5) yurt: and cancelling
(30:00 / 5) yurt: really fast
(30:02 / 5) yurt: watch
(30:18 / 5) yurt: oops
(30:19 / All) PROMAGICPOT: FAST
(30:20 / 5) yurt: wrong key
(30:28 / All) PROMAGICPOT: u need to queue them all first
(30:31 / All) PROMAGICPOT: then start cancelling
(31:34 / All) PROMAGICPOT: k
(31:39 / All) PROMAGICPOT: ew
(31:39 / 5) yurt: aww
(31:41 / All) PROMAGICPOT: the idiot
(31:42 / 5) yurt: it dont work rite
(31:48 / All) PROMAGICPOT: thinks its still there
(31:52 / All) PROMAGICPOT: when clearly he isnt in it anymroe
(32:11 / 5) yurt: youve killed like 1/10 of hte buildings
(32:12 / 5) yurt: so far
(32:28 / All) PROMAGICPOT: mass movew ould be gross
(32:31 / 5) yurt: oh god
(32:35 / 5) yurt: what are the stats going to be like
(32:38 / 5) yurt: at the end
(32:42 / 5) yurt: in buildings producd
(32:43 / All) PROMAGICPOT: hmm
(32:44 / 5) yurt: and units
(32:49 / All) PROMAGICPOT: it prolly ownt break the building record
(32:52 / All) PROMAGICPOT: units will be pretyt high
(33:11 / 5) yurt: if i cared about breaking hte units record though
(33:16 / 5) yurt: id just leave a bunch of necros
(33:18 / 5) yurt: by some wagons
(33:24 / All) PROMAGICPOT: lol
(33:33 / All) PROMAGICPOT: gpigm for the towers
(33:55 / All) yurt: BATTLE ORCS
(33:58 / All) yurt: BATTLE ORCS
(34:00 / All) yurt: BATTLE ORCS
(34:01 / All) yurt: BTALLE
(34:14 / 5) yurt: ur dnding ur own stuf
(34:28 / All) PROMAGICPOT: tehre goes the dk
(34:29 / All) PROMAGICPOT: lol
(34:42 / 5) yurt: use click and drag
(34:46 / 5) yurt: to keep them all together
(35:06 / 5) yurt: ur down by more htan half your food
(35:25 / All) PROMAGICPOT: fuckin draft dodgers
(35:28 / All) PROMAGICPOT: want to run off and killa house
(35:34 / 5) yurt: lol'
(36:00 / All) PROMAGICPOT: MISSION ACCOMPLSIHED
(36:07 / 5) yurt: you'll never see me coming
(36:11 / 5) yurt: literally
(36:13 / 5) yurt: out of the blue
(36:28 / All) PROMAGICPOT: WTF
(36:41 / 5) yurt: its 200 vs 100 food
(36:59 / All) PROMAGICPOT: whers ur bm
(37:00 / 5) yurt: those towers killed five hundred food
(37:02 / All) PROMAGICPOT: he could hav eturned the tide
(37:04 / 5) yurt: he was slain
(37:08 / 5) yurt: yueah right
(37:32 / 5) yurt: ah fuck
(37:37 / 5) yurt: we should have killed out like a smiley face
(37:39 / 5) yurt: or something
(37:40 / 5) yurt: oh well
(37:45 / 5) yurt: it doesnt matter
(38:12 / All) PROMAGICPOT: 3 and a half contorl groups now
(38:52 / 5) yurt: lawnchair shouldnt have left
(38:57 / 5) yurt: it looks like his team may win??!
(39:04 / 5) yurt: lol
(39:40 / 5) yurt: whats that thing hte wyvern holds
(39:44 / 5) yurt: a stick with horns?
(39:56 / All) PROMAGICPOT: double whammy
(41:07 / All) PROMAGICPOT: now spend all ur gold on reveals
(41:12 / All) PROMAGICPOT: and we'll be done
(41:57 / All) PROMAGICPOT: and now for their rewrad
(42:01 / All) PROMAGICPOT: for all their loyal service
(42:19 / All) PROMAGICPOT: keep revealing
(42:35 / All) yurt: MEAT
(43:31 / All) yurt: AWW SHIT
(43:33 / All) yurt: MY FINGER HURTS
(43:38 / All) yurt: AND IM ONLY DOWN 30K
(43:38 / All) PROMAGICPOT: 75k
(43:39 / All) PROMAGICPOT: lol
(43:41 / All) PROMAGICPOT: forget it
(43:46 / All) yurt: FACK
(43:52 / All) PROMAGICPOT: better spend it fast
(43:54 / All) yurt: !
(44:18 / 5) yurt: you can press r
(44:20 / 5) yurt: and hgold shift
(44:26 / 5) yurt: and it will reveal every time you lcikc
(44:26 / All) PROMAGICPOT: oh
(44:27 / All) PROMAGICPOT: shit
(44:29 / All) PROMAGICPOT: didnt know that
(44:34 / 5) yurt: neither did i